 Dungeon Crawl Stone Soup version 0.30-a0-782-ge64f9170bb (webtiles) character file.

Game seed: 8182926734081321140

105 Flugkiller the Ogre Mage (level 4, -3/41 (42) HPs)
             Began as an Ogre Fire Elementalist on Feb 27, 2023.
             Slain by a wight
             ... wielding a +5 mace
              (6 damage)
             ... on level 3 of the Dungeon.
             The game lasted 00:03:56 (2880 turns).

Flugkiller the Ogre Mage (Ogre Fire Elementalist)   Turns: 2880, Time: 00:03:57

HP:   -3/41 (42)    AC:  3    Str: 12    XL:     4   Next: 81%
MP:   9/9           EV:  9    Int: 18    God:
Gold: 202           SH:  5    Dex:  9    Spells: 7/10 levels left

rFire   + . .      SeeInvis .    (no weapon)
rCold   . . .      Faith    .    (no shield)
rNeg    + . .      Spirit   .    a - +0 robe
rPois   .          Reflect  +    (helmet restricted)
rElec   .          Harm     .    (no cloak)
rCorr   .          Rampage  .    (gloves unavailable)
Will    .....                    (boots unavailable)
Stlth   +                        g - amulet of reflection
HPRegen 0.26/turn                h - ring of positive energy
MPRegen 0.11/turn                p - ring of protection from fire

@: attractive, lightly drained
A: large, unfitting armour, tough skin 1
a: no special abilities


You were on level 3 of the Dungeon.
You visited 1 branch of the dungeon, and saw 4 of its levels.

You collected 202 gold pieces.

Inventory:

Armour
 a - a +0 robe (worn)
Jewellery
 d - an amulet of regeneration
   (You found it on level 2 of the Dungeon)
 g - an amulet of reflection (around neck)
   (You found it on level 1 of the Dungeon)
 h - a ring of positive energy (left hand)
   (You found it on level 1 of the Dungeon)
 p - a ring of protection from fire (right hand)
   (You found it on level 1 of the Dungeon)
Wands
 l - a wand of flame (15)
   (You took it off a goblin on level 2 of the Dungeon)
Scrolls
 e - a scroll of acquirement {unknown}
 f - a scroll of poison {unknown}
 j - 2 scrolls of enchant armour {unknown}
 r - 3 scrolls of identify
Potions
 b - a potion of magic
 c - a potion of heal wounds {unknown}
 m - 2 potions of attraction
 n - a potion of might {unknown}
 q - 2 potions of curing


   Skills:
 + Level 2.1 Fighting
 - Level 1.7 Dodging
 - Level 1.4 Stealth
 + Level 3.5 Spellcasting
 + Level 2.1 Conjurations
 + Level 3.4 Fire Magic


You had 7 spell levels left.
You knew the following spells:

 Your Spells              Type           Power      Damage    Failure   Level
a - Foxfire               Conj/Fire      52%        2x1d6     4%          1
b - Scorch                Fire           30%        2d7       6%          2

Your spell library contained the following spells:

 Spells                   Type           Power      Damage    Failure   Level
 Inner Flame              Hex/Fire       9%         N/A       22%         3
 Kindle Blastsparks       Fire/Tloc/Air  14%        2d11      28%         3
 Flame Wave               Conj/Fire      13%        2d6       45%         4
 Fireball                 Conj/Fire      6%         3d5       80%         5
 Iskenderun's Battlesphe  Conj           10%        2d6       87%         5
 Conjure Ball Lightning   Conj/Air       3%         3x3d6     100%        6
 Orb of Destruction       Conj           5%         9d5       100%        7


Dungeon Overview and Level Annotations

Branches:
Dungeon (4/15) Zot: 21119
 Temple: D:4-7

Altars:


Innate Abilities, Weirdness & Mutations

You are too large for most types of armour.
You have tough skin. (AC +1)


Message History

Casting: Foxfire (safe; 4% risk of failure)
Confirm with . or Enter, or press ? or * to list all spells.
You conjure some foxfire!
A jackal comes into view.
Your foxfire dissipates!
The foxfire hits the jackal.
The jackal is almost dead.
Casting: Foxfire (safe; 4% risk of failure)
Confirm with . or Enter, or press ? or * to list all spells.
You conjure some foxfire!
The jackal barks!
Unknown command.
The foxfire hits the jackal.
You kill the jackal!
The foxfire hits the jackal.
The jackal is almost dead.
A jackal comes into view.
Casting: Foxfire (safe; 4% risk of failure)
Confirm with . or Enter, or press ? or * to list all spells.
You conjure some foxfire!
The jackal barely misses you.
Unknown command.
The foxfire hits the jackal but does no damage.
The jackal is almost dead.
The foxfire hits the jackal but does no damage.
The jackal is almost dead.
The jackal completely misses you. The jackal bites you.
Casting: Foxfire (safe; 4% risk of failure)
Confirm with . or Enter, or press ? or * to list all spells.
You conjure some foxfire!
The jackal bites you but does no damage.
The foxfire hits the jackal but does no damage.
The jackal is almost dead.
The foxfire hits the jackal.
You kill the jackal!
The jackal closely misses you.
Casting: Foxfire (safe; 4% risk of failure)
Confirm with . or Enter, or press ? or * to list all spells.
You conjure some foxfire!
You block the jackal's attack.
The foxfire hits the jackal.
The jackal is moderately wounded.
The foxfire hits the jackal but does no damage.
The jackal is moderately wounded.
The jackal bites you.
Casting: Foxfire (safe; 4% risk of failure)
Confirm with . or Enter, or press ? or * to list all spells.
You conjure some foxfire!
You block the jackal's attack. The jackal misses you.
The foxfire hits the jackal.
The jackal is heavily wounded.
The foxfire hits the jackal.
The jackal is almost dead.
The jackal bites you.
Casting: Foxfire (safe; 4% risk of failure)
Confirm with . or Enter, or press ? or * to list all spells.
You conjure some foxfire!
The jackal closely misses you. You block the jackal's attack.
The foxfire hits the jackal.
You kill the jackal!
You start resting.
Your foxfire dissipates!
You start resting.
HP restored.
Things that are here:
a jackal corpse; a jackal corpse Done exploring.
Done exploring.
Done exploring.
Unknown command.
(D) Dungeon
Where to? (Enter - D:2 @ (x,y), ? - help)
Things that are here:
a jackal corpse; a jackal corpse Magic restored.
Things that are here:
a +0 scale mail; a +0 falchion
There is an open door here.
There is an open door here.
There is an open door here.
There is a stone staircase leading down here.
You climb downwards.
The adder hisses angrily.
Found a scroll labelled XUASECL ZASHUISKU.
There is a stone staircase leading up here.
There are monsters nearby!
Unknown command.
The wight hits you with a +5 mace! You block the wight's attack.
The wight hits you with a +0 great sword!!
You climb upwards.
There is a stone staircase leading down here.
Okay, then.
It was a potion of attraction.
You feel attractive to monsters. You block the wight's attack.
The wight hits you with a +5 mace!
* * * LOW HITPOINT WARNING * * *
You partially resist.
You feel drained.
* * * LOW HITPOINT WARNING * * *
As you read the scroll labelled OSIAGU DI QUEM, it crumbles to dust.
It is a scroll of identify.
i - 2 potions of curing;
q - 2 potions of curing;
r - 3 scrolls of identify The wight hits you with a +5 mace.
You die...

...#...................#
.########.......#......#
.#......#.#....###.....#
.#.####.#.####.####+#######
.#<.....#.# #.##.........#
.#.######.# #..#.....)...#
.#.@.@....#####...........#
##########.....#zz.......(#
'........'.....'@...#######
##########.....###### #
#.....# #.....# #.....#
#.....# #######


You could see 2 wights.

Vanquished Creatures
  Terence (D:3)
  2 adders (D:2)
  A worm (D:2)
  An orc (D:3)
  5 endoplasms
  A giant cockroach (D:1)
  4 hobgoblins
  10 jackals
  4 kobolds
  3 quokkas
  4 ball pythons
  2 bats (D:2)
  6 frilled lizards
  4 goblins
  6 rats
54 creatures vanquished.

Vanquished Creatures (others)
  168 foxfires
168 creatures vanquished.

Grand Total: 222 creatures vanquished

Notes
Turn   | Place    | Note
-------+----------+-------------------------------------------
     0 | D:1      | Flugkiller the Ogre Fire Elementalist began the quest for
                  | the Orb.
     0 | D:1      | Reached XP level 1. HP: 16/16 MP: 3/3
    25 | D:1      | Reached skill level 1 in Conjurations
   177 | D:1      | Reached XP level 2. HP: 24/24 MP: 0/5
   790 | D:1      | Reached XP level 3. HP: 32/32 MP: 2/7
  1181 | D:2      | Reached skill level 1 in Fighting
  1497 | D:2      | Reached XP level 4. HP: 41/41 MP: 6/8
  1570 | D:2      | Learned a level 2 spell: Scorch
  1871 | D:2      | Found a faded altar of an unknown god.
  2093 | D:3      | Noticed Terence
  2283 | D:3      | Found a faded altar of an unknown god.
  2336 | D:3      | Killed Terence
  2880 | D:3      | Slain by a wight

Illustrated notes

Levels and vault maps discovered:
D:1:      amcnicky_arrival_feature_with_door, layout_loops_ring
D:2:      kennysheep_six_static_rooms, layout_basic,
          shapermc_ecumenical_altar_mp_ritualfount
D:3:      layout_basic, nicolae_overflow_ecumenical_swirl, uniq_terence
D:4:      layout_cave_pools, nicolae_dithmenos_through_a_glass_darkly,
          grunt_ministairs_14, kennysheep_small_circle, uniq_pikel

Skill      XL: |  1  2  3  4 |
---------------+-------------+-----
Conjurations   | 1 2 |  2.1
Fire Magic     | 3 |  3.4
Spellcasting   | 3 |  3.5
Fighting       | 1 2 |  2.1
Dodging        | |  1.7
Stealth        | |  1.4

Action                     |  1- 3 |  4- 6 || total
---------------------------+-------+-------++-------
  Melee: Unarmed           |    15 |       ||    15
   Cast: Foxfire           |    57 |    46 ||   103
         Scorch            |       |     3 ||     3
    Use: Scroll            |     1 |     1 ||     2
         Potion            |       |     1 ||     1
 Armour: Robe              |    10 |     2 ||    12
  Dodge: Dodged            |    19 |     9 ||    28
  Block: Other             |     4 |     7 ||    11
         Reflection        |       |     1 ||     1

Table legend: (Time is in decaauts)
 A = Elapsed time spent in this place.
 B = Non-inter-level travel time spent in this place.
 C = Inter-level travel time spent in this place.
 D = Time resting spent in this place.
 E = Time spent auto-exploring this place.
 F = Levels seen in this place.
 G = Mean time per level.
                   A        B        C        D        E       F      G
               +--------+--------+--------+--------+--------+-----+--------+
         Total |   2880 |   2640 |    240 |    557 |   1589 |   4 |  720.0 |
       Dungeon |   2880 |   2640 |    240 |    557 |   1589 |   4 |  720.0 |
               +--------+--------+--------+--------+--------+-----+--------+

Top non-repeatable levels by time:
     D:2: 1129 daAuts
     D:1: 1045 daAuts
     D:3: 703 daAuts
     D:4: 1 daAuts
